 Dungeon Crawl Stone Soup version 0.26.0-41-g79a4fc7684 (webtiles) character file.

Game seed: 13830882300982426625

120 trckry the Vandal (level 5, 0/42 HPs)
             Began as a Ghoul Hunter on Jan 27, 2021.
             Slain by a gnoll
             ... wielding a +0 spear
              (5 damage)
             ... on level 3 of the Dungeon.
             The game lasted 00:07:55 (2957 turns).

trckry the Vandal (Ghoul Hunter)                    Turns: 2957, Time: 00:07:56

Health: 0/42       AC:  4    Str: 17    XL:     5   Next: 4%
Magic:  4/4        EV: 12    Int:  6    God:
Gold:   129        SH:  0    Dex:  9    Spells: 4/4 levels left

rFire    . . .     SeeInvis .   a - +1 hunting sling (freeze)
rCold    + . .     Faith    .   (no shield)
rNeg     + + +     Spirit   .   c - +0 leather armour
rPois    ∞         Reflect  .   (no helmet)
rElec    .         Harm     .   (no cloak)
rCorr    .         Rampage  .   (no gloves)
Will     .....                  i - +0 pair of boots
Stlth    +.........             (no amulet)
HPRegen  0.00/turn              (no ring)
MPRegen  0.09/turn              (no ring)

@: no status effects
A: claws 1, cold resistance 1, negative energy resistance 3, inhibited
regeneration, torment resistance, unbreathing
a: no special abilities


You were on level 3 of the Dungeon.
You visited 1 branch of the dungeon, and saw 3 of its levels.

You collected 129 gold pieces.

Inventory:

Hand Weapons
 a - a +1 hunting sling of freezing (weapon)
 b - a +0 mace
Missiles
 d - 53 sling bullets (quivered ammo)
 e - 30 stones
Armour
 c - a +0 leather armour (worn)
 i - a +0 pair of boots (worn)
Jewellery
 s - an uncursed ring of wizardry
Wands
 q - a wand of paralysis (4)
Scrolls
 h - 5 scrolls of identify {unknown}
 l - 2 scrolls of enchant weapon {unknown}
 m - 3 scrolls of remove curse {unknown}
 o - a scroll of teleportation {unknown}
 p - a scroll of random uselessness {unknown}
 r - a scroll of blinking {unknown}
 u - a scroll of fear {unknown}
Potions
 f - a potion of heal wounds {unknown}
 g - 2 potions of mutation {unknown}
 j - a potion of brilliance {unknown}
 k - a potion of attraction {unknown}
 n - a potion of cancellation {unknown}
 t - a potion of curing {unknown}


   Skills:
 + Level 2.6 Fighting
 * Level 1.6 Maces & Flails
 * Level 4.0 Slings
 + Level 1.0 Armour
 + Level 2.1 Dodging
 - Level 1.1 Stealth
 + Level 1.0 Shields
 + Level 1.2 Invocations
 + Level 1.0 Evocations


You had 4 spell levels left.
You didn't know any spells.
Your spell library was empty.

Dungeon Overview and Level Annotations

Branches:
Dungeon (3/15)

Altars:
Kikubaaqudgha
Yredelemnul

Annotations:
D:3 2 transporters, Menkaure


Innate Abilities, Weirdness & Mutations

You thrive by killing the living.
You are immune to poison.
You have sharp fingernails.
Your flesh is cold resistant. (rC+)
You are immune to negative energy. (rN+++)
You do not regenerate when monsters are visible.
You are immune to unholy pain and torment.
You can survive without breathing.


Message History

The gnoll hits you from afar with a +0 spear.
* * * LOW HITPOINT WARNING * * *
Fire: 55 sling bullets
Press: ? - help, Q - select action, (/) - cycle Shift-Dir - straight line, f/p - adder
Aim: an adder (40% to hit)
You shoot a sling bullet. The sling bullet misses the adder.
The adder closely misses you.
The gnoll hits you from afar with a +0 spear.
* * * LOW HITPOINT WARNING * * *
The adder closely misses you.
Fire: 54 sling bullets
Press: ? - help, Q - select action, (/) - cycle Shift-Dir - straight line, f/p - adder
Aim: an adder (40% to hit)
You shoot a sling bullet.
The sling bullet barely misses the adder.
The sling bullet closely misses the gnoll.
The adder bites you.
* * * LOW HITPOINT WARNING * * *
The gnoll hits you from afar with a +0 spear.
You die...

#.# ≈≈≈ #(# ≈≈≈
≈≈≈≈# #.# ≈≈≈
≈≈≈≈≈# #.# ≈≈≈
≈≈≈≈≈≈# #.# ≈≈≈
≈≈≈≈≈≈≈ #.# ≈≈≈
≈≈≈≈≈≈≈ #g# ≈♣.
≈≈≈≈≈≈≈####S# ..♣
.......'.##@######
..♣
......hh.##......#
≈♣.
≈g≈≈≈≈≈#....##.#.#
≈≈≈
≈≈≈≈≈≈≈###..#....#
≈≈≈ ≈≈≈≈h≈≈
#....#..# ≈≈≈
≈≈≈≈≈≈# #..#....#
≈≈≈ ≈≈h≈≈#
#....#..# ≈≈≈
≈≈≈≈# #..#....# ≈
≈≈≈# ##...#..#


You could see a gnoll and an adder.

Vanquished Creatures
  2 adders (D:2)
  A gnoll (D:1)
  2 worms
  2 dart slugs
  2 leopard geckos (D:2)
  2 orcs (D:3)
  A ball python (D:3)
  2 giant cockroaches
  6 goblins
  8 hobgoblins
  7 jackals (D:3)
  12 kobolds
  4 quokkas (D:3)
  11 bats
  4 frilled lizards
  6 rats
72 creatures vanquished.

Notes
Turn   | Place    | Note
-------+----------+-------------------------------------------
     0 | D:1      | trckry the Ghoul Hunter began the quest for the Orb.
     0 | D:1      | Reached XP level 1. HP: 17/17 MP: 0/0
   361 | D:1      | Reached XP level 2. HP: 24/24 MP: 1/1
   765 | D:1      | Reached XP level 3. HP: 27/30 MP: 2/2
   768 | D:1      | Reached skill level 1 in Maces & Flails
  1200 | D:2      | Reached skill level 1 in Invocations
  1467 | D:2      | Reached XP level 4. HP: 37/37 MP: 3/3
  1846 | D:2      | You fall into a shaft and drop 1 floor!
  1873 | D:3      | Found a basalt altar of Yredelemnul.
  1875 | D:3      | Noticed Menkaure
  2040 | D:2      | Reached skill level 4 in Slings
  2234 | D:3      | Found an ancient bone altar of Kikubaaqudgha.
  2277 | D:3      | Found a transporter.
  2308 | D:3      | Found a transporter.
  2483 | D:3      | Reached skill level 1 in Evocations
  2511 | D:3      | Reached skill level 1 in Shields
  2869 | D:3      | Reached XP level 5. HP: 42/42 MP: 4/4
  2902 | D:3      | Reached skill level 1 in Armour
  2957 | D:3      | Slain by a gnoll

Illustrated notes

Levels and vault maps discovered:
D:1:      dpeg_arrival_tiny_d, layout_rooms, minmay_indecisive_spiral
D:2:      minmay_chambers_of_ones, layout_loops_ring, minmay_tetromino_t4
D:3:      kennysheep_big_flooded_room, layout_loops_ring,
          gammafunk_temple_of_torment, minitemple, minmay_misc_feat_pillars

Skill      XL: |  1  2  3  4  5 |
---------------+----------------+-----
Maces & Flails | 1 |  1.6
Dodging        | 2 |  2.1
Invocations    | 1 |  1.2
Slings         | 4 |  4.0
Evocations     | 1 |  1.0
Shields        | 1 |  1.0
Armour         | 1 |  1.0
Fighting       | |  2.6
Stealth        | |  1.1

Action                   |  1- 3 |  4- 6 || total
-------------------------+-------+-------++-------
Melee: Short sword       |    10 |       ||    10
       Dagger            |     4 |       ||     4
       Mace              |    73 |   186 ||   259
 Fire: Hunting sling     |    13 |     6 ||    19
Armor: Leather armour    |    35 |    90 ||   125
Dodge: Dodged            |    52 |   167 ||   219
